 Dungeon Crawl Stone Soup version 0.21.1-1-g345015fe64 (webtiles) character file.

4491 HessuHobo the Cleaver (level 10, 78/79 HPs)
             Began as a Demonspawn Berserker on May 23, 2018.
             Was a Priest of Trog.
             Starved to death
             ... on level 9 of the Dungeon.
             The game lasted 00:21:52 (9652 turns).

HessuHobo the Cleaver (Demonspawn Berserker)        Turns: 9652, Time: 00:21:53

Health: 78/79      AC: 14    Str: 24    XL:     10   Next: 16%
Magic:  9/10       EV: 11    Int:  9    God:    Trog [***...]
Gold:   107        SH:  0    Dex: 13    Spells: 9/9 levels left

rFire    . . .     SeeInvis .   b - +1 war axe
rCold    . . .     Gourm    .   (no shield)
rNeg     . . .     Faith    .   u - +6 ring mail of Roineum {MR+ Str+4}
rPois    +         Spirit   +   (no helmet)
rElec    .         Reflect  .   (no cloak)
rCorr    .         Harm     .   (gloves unavailable)
MR       +....                  (no boots)
Stlth    +.........             (no amulet)
HPRegen  0.23/turn              k - ring of poison resistance
MPRegen  0.24/turn              (no ring)

@: fainting
A: claws 3, rugged brown scales 2, screaming 1, wild magic 1, magic shield,
magic regeneration, rot immunity
a: Berserk, Trog's Hand, Burn Spellbooks, Renounce Religion


You were on level 9 of the Dungeon.
You worshipped Trog.
Trog was most pleased with you.
You were fainting.

You visited 1 branch of the dungeon, and saw 9 of its levels.

You collected 368 gold pieces.
You spent 261 gold pieces at shops.

Inventory:

Hand Weapons
 a - a +0 hand axe
 b - a +1 war axe (weapon)
Armour
 u - the +6 ring mail of Roineum (worn) {MR+ Str+4}
   (You bought it in a shop on level 5 of the Dungeon)

   It affects your strength (+4).
   It affects your resistance to hostile enchantments.
Jewellery
 k - a ring of poison resistance (left claw)
Wands
 c - a wand of polymorph (8)
 h - a wand of acid (8)
 n - a wand of clouds (9)
 p - a wand of iceblast (17)
 t - a wand of scattershot (8)
Scrolls
 d - 5 scrolls of identify
 e - 2 scrolls of fear
 f - 9 scrolls of remove curse
 i - 5 scrolls of teleportation
Potions
 o - 3 potions of heal wounds
 q - a potion of lignification
 r - a potion of haste


   Skills:
 + Level 6.2 Fighting
 * Level 11.3 Axes
 * Level 6.3 Armour
 - Level 1.7 Dodging


You had 9 spell levels left.
You didn't know any spells.

Dungeon Overview and Level Annotations

Branches:
Dungeon (9/15)             Temple (0/1) D:7
   Lair: D:8-11         Orc: D:9-12

Altars:
Ashenzari
Cheibriados
Elyvilon
Gozag
Kikubaaqudgha
Makhleb
Nemelex Xobeh
Ru
Wu Jian
Zin
The Shining One

Shops:
D:5 [   D:7 :?(?   D:8 *


Innate Abilities, Weirdness & Mutations

You have claws for hands.
You are mostly covered in rugged brown scales. (AC +2, +5% HP)
When hurt, damage is shared between your health and your magic reserves.
You regenerate magic rapidly.
You are immune to rotting.
You occasionally shout uncontrollably at your foes.
Your spells are a little harder to cast, but a little more powerful.


Message History

You closely miss the orc priest.
The orc priest is moderately wounded.
You closely miss the hungry ghost. The hungry ghost hits you.
You feel slightly more hungry.
You closely miss something. You hit the hungry ghost. You hit the orc priest.
The hungry ghost closely misses you.
The orc priest calls upon Beogh to heal the orc priest.
The orc priest's wounds heal themselves!
You barely miss the orc priest.
The orc priest is lightly wounded.
You slash something! You hit the hungry ghost.
Something hits you but does no damage. The hungry ghost hits you.
The orc priest hits you but does no damage.
Your magical contamination has completely faded away.
You hit the orc priest.
The orc priest is lightly wounded.
You barely miss something. You barely miss the orc priest.
You closely miss the hungry ghost.
You have starved to death.
You die...

.......
...$...
...... ##
....#
##.##....##
#.........#
#..o{o....#
#...@.....#
##..W.....#
#.........#
#.........#
##........#
#.........#
#...<.....#
##........#
#........#


You could see a hungry ghost and 2 orc priests.

Vanquished Creatures
  The ghost of ady5 the Grappler, a novice TrFi of Trog (D:7)
  The ghost of Fibo the Skirmisher, a novice DsGl (D:5)
  A hippogriff (D:8)
  A hungry ghost (D:8)
  Menkaure (D:7)
  4 ice beasts
  3 sky beasts (D:8)
  2 orc warriors (D:6)
  3 ogres
  2 phantoms (D:6)
  A black bear (D:3)
  A centaur (D:7)
  3 bullfrogs
  A scorpion (D:6)
  6 killer bees
  4 wights (D:7)
  A howler monkey (D:6)
  2 jellies
  A crimson imp (D:4)
  A centaur skeleton (D:4)
  2 hounds
  A bullfrog skeleton (D:6)
  3 orc priests
  13 orc wizards
  An iguana (D:4)
  4 worker ants
  2 hound zombies (D:5)
  2 hound skeletons
  A gnoll (D:5)
  A howler monkey skeleton (D:6)
  11 adders
  A white imp (D:4)
  An adder zombie (D:8)
  2 adder skeletons
  2 worms
  2 dart slugs
  A leopard gecko (D:3)
  14 orcs
  A ball python (D:5)
  5 bats
  9 giant cockroaches
  6 goblins
  2 hobgoblins
  3 jackals
  4 quokkas
  2 frilled lizards
  7 kobolds
  A quokka zombie (D:5)
  6 rats
150 creatures vanquished.

Notes
Turn   | Place    | Note
-------+----------+-------------------------------------------
     0 | D:1      | HessuHobo the Demonspawn Berserker began the quest for the Orb.
     0 | D:1      | Reached XP level 1. HP: 18/18 MP: 1/1
   404 | D:1      | Found a glowing golden altar of the Shining One.
   450 | D:1      | Reached skill level 3 in Axes
   485 | D:1      | Gained mutation: You are immune to rotting. [demonic ancestry]
   485 | D:1      | Reached XP level 2. HP: 22/24 MP: 2/2
   818 | D:2      | Gained mutation: You have sharp fingernails. [demonic ancestry]
   818 | D:2      | Reached XP level 3. HP: 25/29 MP: 3/3
   873 | D:2      | Found an ancient bone altar of Kikubaaqudgha.
  1070 | D:2      | Reached ** piety under Trog
  1081 | D:2      | Found a faded altar of an unknown god.
  1800 | D:2      | Reached XP level 4. HP: 35/35 MP: 4/4
  1987 | D:2      | Found a glowing silver altar of Zin.
  1988 | D:2      | Noticed an angel
  2152 | D:2      | Found a sacrificial altar of Ru.
  2382 | D:3      | Reached skill level 4 in Axes
  2393 | D:3      | Gained mutation: You are partially covered in rugged brown scales. (AC +1, +3% HP) [demonic ancestry]
  2393 | D:3      | Reached XP level 5. HP: 43/43 MP: 5/5
  2551 | D:3      | Noticed a black bear
  2560 | D:3      | Killed a black bear
  2560 | D:3      | Reached skill level 5 in Axes
  3262 | D:4      | Reached XP level 6. HP: 37/49 MP: 6/6
  3531 | D:4      | Found a sparkling altar of Nemelex Xobeh.
  4035 | D:4      | Found a snail-covered altar of Cheibriados.
  4709 | D:4      | Found a white marble altar of Elyvilon.
  4709 | D:4      | Found a burning altar of Makhleb.
  4987 | D:4      | Reached skill level 6 in Axes
  5050 | D:5      | Entered Level 5 of the Dungeon
  5056 | D:5      | Noticed an ice beast
  5070 | D:5      | Killed an ice beast
  5070 | D:5      | Gained mutation: You have very sharp fingernails. [demonic ancestry]
  5070 | D:5      | Reached XP level 7. HP: 56/56 MP: 7/7
  5122 | D:5      | Found Rangan's Antique Armour Shoppe.
  5276 | D:5      | Found a shattered altar of Ashenzari.
  5352 | D:5      | Noticed Fibo's ghost (novice DsGl)
  5367 | D:5      | Killed Fibo's ghost
  5367 | D:5      | Reached skill level 7 in Axes
  5722 | D:5      | Found an ornate altar of the Wu Jian Council.
  5959 | D:5      | Bought a distressingly furry ring mail for 261 gold pieces
  5959 | D:5      | Identified the +6 ring mail of Roineum {MR+ Str+4} (You bought it in a shop on level 5 of the Dungeon)
  6133 | D:6      | Gained mutation: When hurt, damage is shared between your health and your magic reserves. [demonic ancestry]
  6133 | D:6      | Reached XP level 8. HP: 36/62 MP: 8/8
  6343 | D:6      | Reached skill level 5 in Fighting
  6520 | D:6      | Reached skill level 8 in Axes
  7178 | D:6      | Found an opulent altar of Gozag.
  7245 | D:6      | Reached skill level 5 in Armour
  7328 | D:6      | Reached skill level 9 in Axes
  7401 | D:7      | Found Sityoh's Magic Scroll Boutique.
  7401 | D:7      | Found Riygraf's Weapon Emporium.
  7404 | D:7      | Noticed ady5's ghost (novice TrFi)
  7421 | D:7      | Killed ady5's ghost
  7421 | D:7      | Gained mutation: You are mostly covered in rugged brown scales. (AC +2, +5% HP) [demonic ancestry]
  7421 | D:7      | Reached XP level 9. HP: 46/71 MP: 4/9
  7561 | D:7      | Found Ryemave's Magic Scroll Emporium.
  7969 | D:7      | Noticed Menkaure
  7974 | D:7      | Reached skill level 10 in Axes
  7980 | D:7      | Killed Menkaure
  8081 | D:7      | Reached *** piety under Trog
  8479 | D:7      | Found a staircase to the Ecumenical Temple.
  8512 | D:7      | Found Ecuimef's Book Shoppe.
  8954 | D:8      | Gained mutation: You are resistant to electric shocks. (rElec) [potion of mutation]
  8954 | D:8      | Gained mutation: You have claws for hands. [potion of mutation]
  8955 | D:8      | Lost mutation: You are resistant to electric shocks. (rElec) [potion of mutation]
  8955 | D:8      | Gained mutation: You expend magic power (3 MP) to strengthen your wands. [potion of mutation]
  8955 | D:8      | Gained mutation: You occasionally shout uncontrollably at your foes. [potion of mutation]
  8955 | D:8      | Lost mutation: You expend magic power (3 MP) to strengthen your wands. [potion of mutation]
  8955 | D:8      | Gained mutation: Your spells are a little harder to cast, but a little more powerful. [potion of mutation]
  9111 | D:8      | Reached skill level 11 in Axes
  9111 | D:8      | Gained mutation: You regenerate magic rapidly. [demonic ancestry]
  9111 | D:8      | Reached XP level 10. HP: 56/79 MP: 10/10
  9304 | D:8      | Found Ijothripp's Demolitions Depot.
  9593 | D:8      | Paralysed by fainting for 8 turns
  9652 | D:9      | Starved to death

Skill      XL: |  1  2  3  4  5  6  7  8  9 |
---------------+----------------------------+-----
Axes           | 3 4 5 6 7 9 11 | 11.3
Armour         | 2 3 5 6 |  6.3
Fighting       | 4 5 6 |  6.2
Dodging        | |  1.7

Action                   |  1- 3 |  4- 6 |  7- 9 | 10-12 || total
-------------------------+-------+-------+-------+-------++-------
Melee: Hand axe          |    87 |   241 |   236 |       ||   564
       War axe           |       |       |   184 |    71 ||   255
Invok: Berserk           |     3 |     5 |     7 |       ||    15
       Trog's Hand       |       |     4 |     6 |       ||    10
       Burn Spellbooks   |       |     1 |     2 |       ||     3
  Use: Potion            |     4 |     2 |     6 |     5 ||    17
       Scroll            |     3 |     8 |     5 |       ||    16
 Stab: Sleeping          |     1 |       |       |       ||     1
  Eat: Chunk             |     2 |     4 |     3 |     2 ||    11
       Ration            |     1 |     4 |     5 |       ||    10
Armor: Animal skin       |    16 |    20 |       |       ||    36
       Plate armour      |       |    46 |    45 |       ||    91
       Ring mail         |       |       |   154 |    49 ||   203
Dodge: Dodged            |    65 |   102 |   218 |    25 ||   410
